 Seeded DCSS version 0.29.1-15-g9cfb28693d (webtiles) character file.

Game seed: 1903 (custom seed)

6089 valliere the Tainter (level 10, -13/57 (63) HPs)
             Began as an Octopode Venom Mage on Mar 2, 2023.
             Was a Believer of Dithmenos.
             Shot with an arrow by a centaur (15 damage)
             ... on level 9 of the Dungeon on Mar 3, 2023.
             The game lasted 00:32:32 (9806 turns).

valliere the Tainter (Octopode Venom Mage)          Turns: 9806, Time: 00:32:32

HP:   -13/57 (63)   AC:  3    Str:  9    XL:     10   Next: 88%
MP:   3/18          EV: 23    Int: 28    God:    Dithmenos [**....]
Gold: 608           SH:  5    Dex: 15    Spells: 12/20 levels left

rFire   + + .      SeeInvis .   B - +7 rapier of Geaxokof {chaos, rF++ Int+4}
rCold   . . .      Faith    .   y - +0 buckler
rNeg    . . .      Spirit   .   v - +2 hat
rPois   +          Reflect  .   (no amulet)
rElec   .          Harm     .   d - ring of poison resistance
rCorr   .          Rampage  .   f - +6 ring of intelligence
Will    .....                   i - +4 ring of evasion
Stlth   ++++++....              u - +4 ring of evasion
HPRegen 0.19/turn               (no ring)
MPRegen 0.16/turn               (no ring)
                                (no ring)
                                (no ring)

@: marked, hasted, wreathed by umbra, studying Staves, drained, very quick
A: almost no armour, amphibious, 8 rings, camouflage 1, gelatinous body 1,
(nimble swimmer 1), tentacles
a: Renounce Religion, Shadow Step


You were on level 9 of the Dungeon.
You worshipped Dithmenos.
Dithmenos was pleased with you.
You visited 2 branches of the dungeon, and saw 10 of its levels.

You collected 608 gold pieces.

Inventory:

Hand Weapons
 h - the +8 dagger "Dragonslayer" {vorpal, rPois rF- Dex+3 SInv}
   (You found it on level 2 of the Dungeon)

   It inflicts extra damage upon your enemies.
   Dex:       It affects your dexterity (+3).
   rF:        It makes you vulnerable to fire.
   rPois:     It protects you from poison.
   SInv:      It lets you see invisible.
 B - the +7 rapier of Geaxokof (weapon) {chaos, rF++ Int+4}
   (You took it off a kobold brigand on level 7 of the Dungeon)

   Each time it hits an enemy it has a different, random effect.
   Int:       It affects your intelligence (+4).
   rF:        It greatly protects you from fire.
Armour
 k - an orb of guile
 l - a +1 hat
 v - a +2 hat (worn)
 y - a +0 buckler (worn)
Jewellery
 d - a ring of poison resistance (left tentacle)
 f - a +6 ring of intelligence (right tentacle)
 i - a +4 ring of evasion (on tentacle)
 u - a +4 ring of evasion (on tentacle)
Wands
 w - a wand of charming (11)
 z - a wand of mindburst (9)
 C - a wand of flame (41)
Scrolls
 b - 2 scrolls of silence {unknown}
 o - a scroll of acquirement {unknown}
 p - 2 scrolls of magic mapping
 q - 4 scrolls of teleportation
 r - 3 scrolls of poison
 x - a scroll of immolation {unknown}
 A - 2 scrolls of noise {unknown}
 E - a scroll of identify
Potions
 a - a potion of magic
 c - 2 potions of heal wounds {unknown}
 e - 3 potions of haste
 g - 4 potions of curing
 j - a potion of berserk rage {unknown}
 m - 2 potions of might
 n - a potion of ambrosia {unknown}
 s - a potion of mutation {unknown}
 t - a potion of flight {unknown}
 D - 2 potions of attraction {unknown}


   Skills:
 + Level 3.9 Fighting
 + Level 4.0 Short Blades
 + Level 6.2 Dodging
 + Level 8.9 Stealth
 + Level 4.1 Shields
 + Level 5.8 Spellcasting
 + Level 5.8 Transmutations
 * Level 9.1 Poison Magic
 + Level 3.8 Invocations


You had 12 spell levels left.
You knew the following spells:

 Your Spells              Type           Power      Damage    Failure   Level
a - Sting                 Tmut/Pois      100%       1d8       1%          1
b - Mephitic Cloud        Conj/Pois/Air  25%        N/A       7%          3
c - Olgreb's Toxic Radia  Pois           56%        N/A       1%          4

Your spell library contained the following spells:

 Spells                   Type           Power      Damage    Failure   Level
 Beastly Appendage        Tmut           80%        N/A       1%          1
 Poisonous Vapours        Pois/Air       66%        N/A       1%          2
 Wereblood                Tmut           40%        N/A       1%          2
 Spider Form              Tmut/Pois      50%        N/A       1%          3
 Foxfire                  Conj/Fire      32%        2x1d5     8%          1
 Necrotise                Necr           32%        1d5       8%          1


Dungeon Overview and Level Annotations

Branches:
Dungeon (9/15)             Temple (1/1) D:5             Orc (0/2) D:9
   Lair: D:8-11

Altars:
Cheibriados
Dithmenos
Elyvilon
Fedhas
Gozag
Hepliaklqana
Kikubaaqudgha
Makhleb
Nemelex Xobeh
Qazlal
Ru
Sif Muna
Trog
Uskayaw
Vehumet
Wu Jian
Xom
Yredelemnul
The Shining One

Annotations:
D:9 Harold


Innate Abilities, Weirdness & Mutations

You cannot wear most types of armour.
You are amphibious.
You can wear up to eight rings at the same time.
Your skin changes colour to match your surroundings (Stealth+).
Your rubbery body absorbs attacks. (AC +1, EV +1)
((You are camouflaged when in or above water. (Stealth+)))
You have tentacles for arms and can constrict up to eight enemies at once.


Message History

Aim: Harold, wielding a +1 scimitar of draining, wearing a +0 scale mail, quivering 5 throwing nets and carrying a wand of quicksilver (2) (moderately wounded, constricted by you, extremely poisoned, umbra, chance to affect: 17%)
Okay, then.
Aiming: Mindburst
Press: ? - help, Shift-Dir - straight line, f/p - Harold
Aim: Harold, wielding a +1 scimitar of draining, wearing a +0 scale mail, quivering 5 throwing nets and carrying a wand of quicksilver (2) (moderately wounded, constricted by you, extremely poisoned, umbra, chance to affect: 29%)
Okay, then.
Okay, then.
Casting: Olgreb's Toxic Radiance (dangerous; 1% risk of failure)
Confirm with . or Enter, or press ? or * to list all spells.
Aiming: Mephitic Cloud (dangerous; 7% risk of failure)
Press: ? - help, Shift-Dir - straight line, f/p - Harold
Aim: Harold, wielding a +1 scimitar of draining, wearing a +0 scale mail, quivering 5 throwing nets and carrying a wand of quicksilver (2) (moderately wounded, constricted by you, extremely poisoned, umbra, chance to affect: 58%)
The ball explodes into a vile cloud!
The stinking cloud engulfs Harold but does no damage.
Harold is moderately wounded.
The stinking cloud engulfs you but does no damage.
You constrict Harold, but do no damage.
You hear a shout!
The centaur shoots an arrow.
You block the arrow.
You hear a shout! x2
You hit Harold. You freeze Harold.
Harold is moderately wounded.
You constrict Harold, but do no damage.
Harold is engulfed in noxious fumes.
You block Harold's attack.
A gnoll comes into view.
It is wielding a +1 whip of electrocution.
The centaur shoots an arrow.
The arrow completely misses you.
You hit Harold.
Harold is heavily wounded.
You constrict Harold, but do no damage.
Harold is engulfed in noxious fumes.
Harold appears confused.
Harold struggles to escape constriction.
The centaur shoots an arrow.
The arrow misses you.
You hit Harold but do no damage. You squeeze Harold.
Harold is heavily wounded.
You constrict Harold.
The centaur shoots an arrow.
The arrow barely misses you.
You hit Harold but do no damage. You squeeze Harold, but do no damage.
Harold is heavily wounded.
You constrict Harold.
Harold is engulfed in noxious fumes.
You block Harold's attack.
The centaur shoots an arrow.
The arrow hits you!
You die...

#........# #.# #........#
## #.# #.#.....### ##.#
#g# #.##...####
####...##.######.#...####.
'......(................'.
#...##○####.#.#...#.##.
#.....@...#.#.##.##.###
#....°@...#.#...## # #
#..###.#..#.###.#
#..###.#..#.# #.##
#..##..#....###..##.###
#.................)....
#.............)##......
#........##....##....##
#...c....##..........##
##.....................


You could see Harold (confused, very poisoned), a centaur (very poisoned) and a
gnoll.

Vanquished Creatures
  Pikel (D:8)
  2 steam dragons
  A human (D:9)
  2 wargs (D:9)
  3 water moccasins
  Duvessa (D:4)
  An orc warrior (D:7)
  2 sky beasts (D:7)
  A black bear (D:6)
  3 ice beasts
  The ghost of mongooserunner the Chopper, an amateur MiFi of Jiyva (D:4)
  3 ogres
  3 centaurs
  4 phantoms
  2 lemures (D:8)
  3 kobold brigands
  2 bullfrogs
  2 necrophages
  4 scorpions
  Dowan (D:4)
  7 wights
  A water moccasin skeleton (D:5)
  6 killer bees (D:8)
  3 howler monkeys (D:8)
  2 jellies
  4 bullfrog zombies
  2 centaur zombies (D:5)
  5 hounds
  5 orc priests
  4 bullfrog skeletons (D:5)
  A centaur skeleton (D:5)
  A gnoll bouda (D:9)
  Crazy Yiuf (D:3)
  Jessica (D:3)
  3 iguanas
  6 orc wizards (D:9)
  A scorpion zombie (D:5)
  A killer bee zombie (D:5)
  2 hound skeletons (D:5)
  Robin (D:3)
  A howler monkey zombie (D:5)
  A howler monkey skeleton (D:4)
  14 adders
  12 gnolls
  3 shadow imps
  A white imp (D:8)
  3 ufetubi
  A worm (D:2)
  2 dart slugs
  29 orcs
  5 ball pythons
  5 bats
  7 endoplasms
  12 goblins
  10 hobgoblins
  3 jackals (D:2)
  2 quokkas (D:4)
  5 frilled lizards
  16 kobolds
  6 rats
237 creatures vanquished.

Vanquished Creatures (others)
  8 withered plants (D:5)
8 creatures vanquished.

Grand Total: 245 creatures vanquished

Notes
Turn   | Place    | Note
-------+----------+-------------------------------------------
     0 | D:1      | valliere the Octopode Venom Mage began the quest for the
                  | Orb.
     0 | D:1      | Reached XP level 1. HP: 11/11 MP: 3/3
   132 | D:1      | Reached XP level 2. HP: 17/17 MP: 0/5
   785 | D:1      | Reached XP level 3. HP: 21/21 MP: 4/6
  1262 | D:2      | Identified the +8 dagger "Dragonslayer" {vorpal, rPois rF-
                  | Dex+3 SInv}
  1269 | D:2      | Reached skill level 4 in Poison Magic
  1293 | D:2      | Found a sacrificial altar of Ru.
  1397 | D:2      | Reached XP level 4. HP: 26/27 MP: 5/7
  1809 | D:2      | Found a faded altar of an unknown god.
  2400 | D:3      | Found a runed translucent door.
  2401 | D:3      | Noticed Crazy Yiuf
  2679 | D:3      | Reached XP level 5. HP: 31/31 MP: 9/9
  2723 | D:3      | Noticed Jessica
  2728 | D:3      | Killed Jessica
  2841 | D:3      | Noticed Robin
  2864 | D:3      | Killed Robin
  3105 | D:3      | Killed Crazy Yiuf
  3334 | D:4      | Reached XP level 6. HP: 33/36 MP: 7/10
  3639 | D:4      | Reached skill level 5 in Poison Magic
  3699 | D:4      | Noticed Dowan
  3705 | D:4      | Found a shimmering blue altar of Sif Muna.
  3712 | D:4      | Killed Dowan
  3713 | D:4      | Reached skill level 5 in Stealth
  3727 | D:4      | Got Sif Muna's Book of the Macabre Volcanoes
  3730 | D:4      | Noticed Duvessa
  3738 | D:4      | Learned a level 3 spell: Mephitic Cloud
  3743 | D:4      | Learned a level 4 spell: Olgreb's Toxic Radiance
  3754 | D:4      | Killed Duvessa
  3755 | D:4      | Reached XP level 7. HP: 35/41 MP: 5/12
  3806 | D:4      | Found a bloodstained altar of Trog.
  4331 | D:4      | Found a runed translucent gate.
  4331 | D:4      | Found a runed translucent gate.
  4331 | D:4      | Found a runed translucent gate.
  4336 | D:4      | Noticed mongooserunner's ghost (amateur MiFi)
  4371 | D:4      | Killed mongooserunner's ghost
  4609 | D:5      | Entered Level 5 of the Dungeon
  4625 | D:5      | Reached skill level 6 in Poison Magic
  4625 | D:5      | Reached XP level 8. HP: 36/46 MP: 5/14
  4940 | D:5      | Reached skill level 1 in Fighting
  4940 | D:5      | Reached skill level 1 in Shields
  5102 | D:5      | Reached skill level 1 in Short Blades
  5525 | D:5      | Found a sparkling altar of Nemelex Xobeh.
  5673 | D:5      | Found a staircase to the Ecumenical Temple.
  5679 | Temple   | Entered the Ecumenical Temple
  5697 | Temple   | Became a worshipper of Dithmenos the Shadowed
  6107 | D:6      | Reached XP level 9. HP: 54/54 MP: 2/16
  6110 | D:6      | Reached skill level 5 in Dodging
  6110 | D:6      | Reached skill level 1 in Invocations
  6278 | D:6      | Reached skill level 7 in Poison Magic
  6566 | D:6      | Found a hazy altar of Hepliaklqana.
  6613 | D:6      | Reached skill level 5 in Spellcasting
  7043 | D:7      | Reached skill level 5 in Transmutations
  7157 | D:7      | Found a large runed translucent door.
  7158 | D:7      | Found a large runed translucent door.
  7159 | D:7      | Found a shimmering altar of Xom.
  7179 | D:7      | Identified the +7 rapier of Geaxokof {chaos, rF++ Int+4}
  7319 | D:7      | Reached * piety under Dithmenos
  7342 | D:7      | Found a radiant altar of Vehumet.
  7631 | D:7      | Reached XP level 10. HP: 56/63 MP: 13/17
  7842 | D:7      | Reached skill level 8 in Poison Magic
  8463 | D:8      | Noticed Pikel
  8477 | D:8      | Killed Pikel
  9393 | D:9      | Reached ** piety under Dithmenos
  9395 | D:9      | Reached skill level 9 in Poison Magic
  9744 | D:9      | Found a staircase to the Orcish Mines.
  9751 | D:9      | Noticed Harold
  9801 | D:9      | HP: 2/57 [centaur/arrow (3)]
  9806 | D:9      | Shot with an arrow by a centaur

Illustrated notes

Levels and vault maps discovered:
D:1:      minmay_arrival_semitransparent, layout_basic
D:2:      layout_basic, basic_altar, nicolae_ecumenical_snake_handling
D:3:      layout_rooms, minmay_misc_feat_doors, uniq_crazy_yiuf_cottage,
          uniq_robin, uniq_jessica
D:4:      layout_loops_ring, nzn_overflow_gifts_of_might_and_magic,
          gammafunk_ghost_necromancy
D:5:      layout_cave_pools, minmay_temple_entry_hall, serial_undead,
          serial_undead_d, serial_undead_b, serial_undead_d, serial_undead_b,
          serial_undead_e, serial_undead_b, serial_undead_f, serial_undead_b,
          grunt_decor_one_mirror, kennysheep_diamond, minmay_misc_feat_iff,
          uniq_duvessa
D:6:      layout_gridville, overflow_temple_1_default,
          minmay_manual_mandibuliform
D:7:      due_chaos_kobolds, layout_basic, vehumet_altar_wand_db
D:8:      layout_loops_ring, uniq_pikel
D:9:      layout_loops_corners, erik_orc_4, kennysheep_big_empty_room,
          uniq_harold
Temple:   minmay_freezing_vapour_temple

Skill      XL: |  1  2  3  4  5  6  7  8  9 10 |
---------------+-------------------------------+-----
Stealth        | 3 4 5 6 7 8 |  8.9
Poison Magic   | 4 5 6 7 9 |  9.1
Transmutations | 2 3 4 5 |  5.8
Dodging        | 3 4 5 6 |  6.2
Spellcasting   | 3 4 5 |  5.8
Fighting       | 1 3 |  3.9
Shields        | 2 3 4 |  4.1
Short Blades   | 1 3 4 |  4.0
Invocations    | 2 3 |  3.8

Action                   |  1- 3 |  4- 6 |  7- 9 | 10-12 || total
-------------------------+-------+-------+-------+-------++-------
Melee: Unarmed           |    10 |       |       |       ||    10
       Tentacles         |     5 |     8 |    46 |    23 ||    82
       Constrict         |     5 |    12 |    30 |    14 ||    61
       Dagger            |     3 |    66 |   172 |       ||   241
       Punch             |       |       |     1 |       ||     1
       Rapier            |       |       |    17 |    81 ||    98
 Cast: Sting             |    49 |    53 |    48 |    21 ||   171
       Mephitic Cloud    |       |     1 |     6 |     4 ||    11
       Olgreb's Toxic Ra |       |       |    13 |    14 ||    27
  Use: Scroll            |       |     4 |     1 |       ||     5
       Potion            |       |       |       |     1 ||     1
 Stab: Sleeping          |       |     6 |    15 |     7 ||    28
       Confused          |       |     1 |     1 |     1 ||     3
       Petrified         |       |       |       |     1 ||     1
Armor: Skin              |     1 |     3 |    16 |       ||    20
Dodge: Dodged            |    15 |    39 |   142 |    73 ||   269
Block: Buckler           |       |       |    11 |    16 ||    27
